 Dungeon Crawl Stone Soup version 0.32-a0-675-gdc239d62e1 (webtiles) character file.

Game seed: 12811160735001353432

2 gimp the Sneak (level 1, 0/17 HPs)
             Began as a Ghoul Brigand on Mar 11, 2024.
             Slain by a ball python (1 damage)
             ... on level 1 of the Dungeon.
             The game lasted 00:00:45 (37 turns).

gimp the Sneak (Ghoul Brigand)                        Turns: 37, Time: 00:00:46

Health: 0/17       AC:  3    Str: 14    XL:     1   Next: 40%
Magic:  1/1        EV: 11    Int: 10    God:
Gold:   14         SH:  0    Dex: 10    Spells: 0/0 levels left

rFire   . . .        a - +2 dagger
rCold   + . .        (no shield)
rNeg    + + +        b - +0 robe
rPois   ∞            (no helmet)
rElec   .            c - +0 cloak
rCorr   .            (no gloves)
SInv    .            (no boots)
Will    .....        (no amulet)
Stlth   ++           (no ring)
HPRegen 0.00/turn    (no ring)
MPRegen 0.07/turn

%: no passive effects
@: inhibited regen
A: claws 1, cold resistance 1, negative energy resistance 3, inhibited
regeneration, torment resistance 2, devour on kill
a: no special abilities


You were on level 1 of the Dungeon.
You visited 1 branch of the dungeon, and saw 1 of its levels.

You collected 14 gold pieces.

Inventory:

Hand Weapons
 a - a +2 dagger (weapon)
Missiles
 d - 9 poisoned darts
 e - 3 curare-tipped darts
Armour
 b - a +0 robe (worn)
 c - a +0 cloak (worn)


   Skills:
 + Level 2.3 Fighting
 - Level 1.7 Short Blades
 - Level 1.7 Throwing
 - Level 0.8 Dodging
 - Level 4.3 Stealth
 * Level 0.6 Unarmed Combat


You couldn't memorise any spells.
You didn't know any spells.
Your spell library was empty.

Dungeon Overview and Level Annotations

Branches:
Dungeon (1/15)

Altars:


Innate Abilities, Weirdness & Mutations

You are immune to poison.
You have sharp fingernails.
Your flesh is cold resistant. (rC+)
You are immune to negative energy. (rN+++)
You do not regenerate when monsters are visible.
You are immune to unholy pain and torment.
You thrive by killing the living.


Message History

Welcome, gimp the Ghoul Brigand.
Everyone else who sought the Orb of Zot has failed.
Will you be different?
Press ? for a list of commands and other information.
Found a staircase leading out of the dungeon.
Unknown command.
Unknown command.
Unknown command.
Unknown command.
Unknown command.
Unknown command.
Unknown command.
You open the large door.
There is a large open door here.
You enter the shallow water.
Moving in this stuff is going to be slow.
You now have 14 gold pieces.
A kobold comes into view. It is wielding a +0 short sword.
Found 11 gold pieces.
Okay, then.
The kobold shouts!
You hear an angry hiss.
You closely miss the kobold. The kobold closely misses you.
You hit the kobold.
The kobold is heavily wounded.
The kobold hits you but does no damage.
You hit the kobold but do no damage.
The kobold is heavily wounded.
The kobold completely misses you.
You hit the kobold.
You kill the kobold!
No target in view!
No target in view!
Things that are here:
a +0 short sword; a kobold corpse A bat comes into view.
A ball python comes into view.
There are monsters nearby!
A hobgoblin comes into view.
The ball python barely misses you. The ball python closely misses you.
You see here 11 gold pieces.
You closely miss the ball python. The ball python closely misses you.
You barely miss the ball python. The ball python misses you.
The ball python barely misses you.
The hobgoblin hits you but does no damage.
The ball python closely misses you. The hobgoblin closely misses you.
You hit the ball python.
The ball python is heavily wounded.
The hobgoblin hits you. The ball python bites you. The ball python grabs you.
The ball python constricts you.
You take 6 damage, and have 11/17 hp.
MASSIVE DAMAGE!!
Clearing quiver.
The ball python's grasp on you weakens, but your attempt to escape fails.
The ball python bites you. The ball python constricts you.
The hobgoblin hits you.
You take 3 damage, and have 8/17 hp.
You escape the ball python's grasp.
The hobgoblin attacks as it pursues you!
The hobgoblin hits you but does no damage.
You are too injured to fight recklessly!
You are too injured to fight recklessly!
You hit the hobgoblin.
The hobgoblin is lightly wounded.
The hobgoblin hits you.
You take 2 damage, and have 6/17 hp.
You hit the hobgoblin.
The hobgoblin is almost dead.
The hobgoblin hits you.
* * * LOW HITPOINT WARNING * * *
You take 3 damage, and have 3/17 hp.
You hit the hobgoblin but do no damage.
The hobgoblin is severely wounded.
The hobgoblin hits you.
* * * LOW HITPOINT WARNING * * *
You take 2 damage, and have 1/17 hp.
You aren't carrying any potions.
Unknown command.
You hit the hobgoblin.
You kill the hobgoblin!
The bat barely misses you.
You miss the bat. The bat closely misses you. The bat barely misses you.
You completely miss the ball python.
The ball python is heavily wounded.
The bat hits you but does no damage. The bat closely misses you.
The ball python barely misses you.
The ball python bites you but does no damage.
The ball python closely misses you.
You closely miss the ball python.
The ball python is heavily wounded.
The bat hits you but does no damage. The bat closely misses you.
The ball python bites you.
You die...

### ..# ##.. ..#
#.######### ##.##~~~≈≈≈≈
#########...#~ß~~≈§~
#$S@#.#.#....~§ß~~~~
#...#b).#......≈§~####
#...#.#.#...#...§≈§~'.<#
#...#.#.#...#.#..≈≈~'..#
...#
..#...#...#..≈~~####
###.
#...#.#.###..~~ß~~~~ #
######### ###~ß~~≈≈~
#~~~≈≈≈≈ ########


You could see a bat and a ball python.

Vanquished Creatures
  A hobgoblin (D:1)
  A kobold (D:1)
2 creatures vanquished.

Notes
Turn   | Place    | Note
-------+----------+-------------------------------------------
     0 | D:1      | gimp the Ghoul Brigand began the quest for the Orb.
     0 | D:1      | Reached XP level 1. HP: 17/17 MP: 1/1
    37 | D:1      | Slain by a ball python

Illustrated notes

Levels and vault maps discovered:
D:1:      lightli_arrival_boilingwater, layout_basic, minmay_misc_feat_alley,
          grunt_decor_fettered, item_on_display_b

Action                     || total
---------------------------++-------
  Melee: Dagger            ||    14
 Armour: Robe              ||    16
  Dodge: Dodged            ||    16

Table legend: (Time is in decaauts)
 A = Elapsed time spent in this place.
 B = Non-inter-level travel time spent in this place.
 C = Inter-level travel time spent in this place.
 D = Time resting spent in this place.
 E = Time spent auto-exploring this place.
 F = Levels seen in this place.
 G = Mean time per level.
                   A        B        C        D        E       F      G
               +--------+--------+--------+--------+--------+-----+--------+
         Total |     37 |     37 |      0 |      0 |     15 |   1 |   37.0 |
       Dungeon |     37 |     37 |      0 |      0 |     15 |   1 |   37.0 |
               +--------+--------+--------+--------+--------+-----+--------+

Top non-repeatable levels by time:
     D:1: 37 daAuts
